 Dungeon Crawl Stone Soup version 0.27-a0-808-g60bc5d92e6 (webtiles) character file.

Game seed: 5746680527309001719

841 funkygono the Magician (level 8, 0/50 HPs)
             Began as a Djinni Fire Elementalist on Mar 28, 2021.
             Was an Initiate of Cheibriados.
             Slain by a hell rat (14 damage)
             ... on level 5 of the Dungeon.
             The game lasted 00:10:06 (5230 turns).

funkygono the Magician (Djinni Fire Elementalist)   Turns: 5230, Time: 00:10:06

Health: 0/50       AC:  7    Str:  8    XL:     8   Next: 0%
Gold:   167        EV: 13    Int: 21    God:    Cheibriados [......] SH:  0 Dex: 14

rFire    + + .     SeeInvis .   l - +0 falchion
rCold    x . .     Faith    .   (no shield)
rNeg     + . .     Spirit   .   a - +1 robe
rPois    ∞         Reflect  .   (no helmet)
rElec    .         Harm     .   (no cloak)
rCorr    .         Rampage  .   (no gloves)
Will     .....                  (boots unavailable)
Stlth    ++........             m - amulet of regeneration
HPRegen  1.16/turn              i - +4 ring of protection
MPRegen  0.00/turn              k - ring of positive energy

@: flying, very slow
A: fire resistance 2, cold vulnerability 1, float, innate caster, hp casting,
extra vitality 1
a: Renounce Religion, Bend Time


You were on level 5 of the Dungeon.
You worshipped Cheibriados.
Cheibriados was noncommittal.
You visited 2 branches of the dungeon, and saw 6 of its levels.

You collected 167 gold pieces.

Inventory:

Hand Weapons
 c - a +1 dagger of electrocution
 e - a +1 short sword of venom
 l - a +0 falchion (weapon)
Armour
 a - a +1 robe (worn)
 f - a +0 scale mail
 p - the +1 leather armour "Okhloocyamn" {rPois rF+ rN+}
   (You found it on level 4 of the Dungeon)

   It protects you from fire.
   It protects you from poison.
   It protects you from negative energy.
Jewellery
 i - a +4 ring of protection (left hand)
 j - a ring of protection from fire
 k - a ring of positive energy (right hand)
 m - an amulet of regeneration (around neck)
Potions
 b - a potion of haste {unknown}
 d - 2 potions of invisibility {unknown}
 g - 4 potions of curing {unknown}
 h - 2 potions of heal wounds {unknown}
 n - a potion of flight {unknown}
 o - a potion of ambrosia {unknown}


   Skills:
 + Level 0.2 Fighting
 + Level 0.8 Long Blades
 + Level 3.2 Dodging
 - Level 1.5 Stealth
 * Level 7.5 Spellcasting


You couldn't memorise any spells.
You knew the following spells:

 Your Spells              Type           Power      Damage    Failure   Level
a - Foxfire               Conj/Fire      100%       2x1d9     1%          1
b - Conjure Flame         Conj/Fire      39%        6-21      1%          3
c - Inner Flame           Hex/Fire       39%        N/A       1%          3
d - Sticky Flame          Conj/Fire      39%        2d6       3%          4
e - Fireball              Conj/Fire      19%        3d9       11%         5
f - Pain                  Necr           100%       1d9       1%          1
g - Passwall              Tmut/Erth      32%        N/A       1%          2
h - Mephitic Cloud        Conj/Pois/Air  39%        N/A       1%          3
Your spell library was empty.

Dungeon Overview and Level Annotations

Branches:
Dungeon (5/15)             Temple (1/1) D:4

Altars:
Ashenzari
Cheibriados
Dithmenos
Elyvilon
Fedhas
Gozag
Makhleb
Nemelex Xobeh
Ru
Sif Muna
Uskayaw
Vehumet
Xom
Zin
The Shining One


Innate Abilities, Weirdness & Mutations

You are immune to poison.
Your flesh is very heat resistant. (rF++)
You are vulnerable to cold. (rC-)
You float through the air rather than walking.
You learn spells naturally, not from books.
Your magical power is your life essence.
You have superior vitality. (+4 HP)


Message History

The foxfire hits the hell rat.
The hell rat is moderately wounded.
Casting: Foxfire (safe; 1% risk of failure)
Confirm with . or Enter, or press ? or * to list all spells.
You conjure some foxfire!
The foxfire hits the hell rat.
The hell rat is heavily wounded.
The hell rat bites you!!
Your foxfire dissipates!
The hell rat barely misses you. The hell rat closely misses you.
You riposte.
You hit the hell rat.
The hell rat is lightly wounded.
The hell rat misses you.
You see here a rat corpse.
The hell rat misses you.
You hit the hell rat but do no damage. The hell rat bites you!
You hit the hell rat.
The hell rat is moderately wounded.
The hell rat closely misses you. The hell rat barely misses you.
The hell rat bites you.
Casting: Foxfire (safe; 1% risk of failure)
Confirm with . or Enter, or press ? or * to list all spells.
Okay, then.
Casting: Foxfire (safe; 1% risk of failure)
Confirm with . or Enter, or press ? or * to list all spells.
Aiming: Sticky Flame (dangerous; 4% risk of failure)
Press: ? - help, Shift-Dir - straight line, f - hell rat
Aim: a hell rat (moderately wounded, 0% to evade)
The sticky flame hits the hell rat but does no damage.
The hell rat is moderately wounded.
The hell rat is covered in liquid flames!
The hell rat burns!
The hell rat bites you!
* * * LOW HITPOINT WARNING * * *
The hell rat burns! x2
You kill the hell rat!
Cheibriados thoroughly appreciates the change of pace.
You have reached level 8!
You feel clever. The hell rat bites you!
You die...

........ ####...
#########..
###.#...#.###
##††#.###.#...
##.##### ######
###.##... .#####
##..##[.rr# ...##.
#@####..rr.#†.##.#
##r## #rrr†...##.
#.#r#######r#§#.##
####.r##...#...##.
###r†.r...###..
###########..
.....##.##
..........
.....####.


You could see 2 hell rats and 2 river rats.

Vanquished Creatures
  Grinder (D:5)
  A sky beast (D:3)
  A black bear (D:5)
  An ogre (D:5)
  A water moccasin zombie (D:5)
  A water moccasin skeleton (D:4)
  A howler monkey (D:4)
  A hound (D:5)
  A jelly (D:3)
  An orc priest (D:4)
  A hell rat (D:5)
  A hound zombie (D:5)
  3 adders
  An ufetubus (D:2)
  6 dart slugs
  9 orcs
  10 endoplasms
  6 giant cockroaches
  8 goblins
  4 hobgoblins
  2 quokkas
  2 ball pythons
  6 bats
  6 frilled lizards (D:1)
  12 kobolds
  15 rats
102 creatures vanquished.

Vanquished Creatures (others)
  A hound (D:5)
  267 foxfires
  5 fungi (D:3)
  10 toadstools (D:3)
283 creatures vanquished.

Grand Total: 385 creatures vanquished

Notes
Turn   | Place    | Note
-------+----------+-------------------------------------------
     0 | D:1      | funkygono the Djinni Fire Elementalist began the quest for
                  | the Orb.
     0 | D:1      | Reached XP level 1. HP: 15/15 MP: 0/0
   121 | D:1      | Reached skill level 3 in Spellcasting
   197 | D:1      | Reached XP level 2. HP: 19/21 MP: 0/0
  1132 | D:2      | Reached XP level 3. HP: 23/25 MP: 0/0
  1132 | D:2      | Learned a level 1 spell: Pain
  2469 | D:3      | Noticed a sky beast
  2480 | D:3      | Killed a sky beast
  2481 | D:3      | Reached skill level 4 in Spellcasting
  2481 | D:3      | Reached XP level 4. HP: 12/31 MP: 0/0
  2481 | D:3      | Reached XP level 5. HP: 14/35 MP: 0/0
  2481 | D:3      | Learned a level 2 spell: Passwall
  3200 | D:3      | Reached skill level 5 in Spellcasting
  3742 | D:3      | Found a faded altar of an unknown god.
  3929 | D:3      | Found an opulent altar of Gozag.
  3937 | D:3      | Reached XP level 6. HP: 35/40 MP: 0/0
  4391 | D:4      | Identified the +1 leather armour "Okhloocyamn" {rPois rF+
                  | rN+}
  4488 | D:4      | Reached skill level 6 in Spellcasting
  4574 | D:4      | Found a staircase to the Ecumenical Temple.
  4588 | Temple   | Entered the Ecumenical Temple
  4637 | Temple   | Became a worshipper of Cheibriados the Contemplative
  4933 | D:5      | Entered Level 5 of the Dungeon
  4939 | D:5      | Reached XP level 7. HP: 45/45 MP: 0/0
  4939 | D:5      | Learned a level 3 spell: Mephitic Cloud
  4953 | D:5      | Noticed Grinder
  4960 | D:5      | Killed Grinder
  4961 | D:5      | Reached skill level 7 in Spellcasting
  5131 | D:5      | Found a broken altar of Ashenzari.
  5215 | D:5      | Found the +2 ratskin cloak {*Rats rPois rN+ Str-1 Int-1
                  | Dex+1}
  5229 | D:5      | Reached XP level 8. HP: 11/50 MP: 0/0
  5230 | D:5      | Slain by a hell rat

Illustrated notes

Levels and vault maps discovered:
D:1:      heliophobic_arrival_enchanted_forest, layout_basic
D:2:      layout_basic, minmay_misc_feat_alley
D:3:      cheibrodos_fertilizer, layout_rooms, grunt_gozag_statues,
          chequers_ecumenical_altar_lobes
D:4:      layout_gridville
D:5:      wander_guarded_unrand_ratskin, layout_cave_pools,
          nicolae_qazlal_general_emergency, nicolae_ashenzari_panopticon,
          lemuel_flamethrower_2, uniq_grinder
Temple:   cyrus_circular_temple

Skill      XL: |  1  2  3  4  5  6  7 |
---------------+----------------------+-----
Spellcasting   | 3 4 5 6 7 |  7.5
Dodging        | 3 |  3.2
Fighting       | |  0.2
Long Blades    | |  0.8
Stealth        | |  1.5

Action                   |  1- 3 |  4- 6 |  7- 9 || total
-------------------------+-------+-------+-------++-------
Melee: Falchion          |       |     7 |    12 ||    19
 Cast: Foxfire           |    40 |    91 |    27 ||   158
       Pain              |    15 |     4 |       ||    19
       Conjure Flame     |       |     1 |       ||     1
       Sticky Flame      |       |       |     1 ||     1
  Use: Scroll            |     4 |     4 |       ||     8
Armor: Robe              |     6 |    10 |     6 ||    22
Dodge: Dodged            |    12 |    20 |    17 ||    49
       Rpst.: Falchion   |       |     7 |     5 ||    12

Table legend: (Time is in decaauts)
 A = Elapsed time spent in this place.
 B = Non-inter-level travel time spent in this place.
 C = Inter-level travel time spent in this place.
 D = Time resting spent in this place.
 E = Time spent auto-exploring this place.
 F = Levels seen in this place.
 G = Mean time per level.
                   A        B        C        D        E       F      G
               +--------+--------+--------+--------+--------+-----+--------+
         Total |   5369 |   5276 |     93 |    263 |   4260 |   6 |  894.8 |
       Dungeon |   5300 |   5225 |     75 |    263 |   4216 |   5 | 1060.0 |
        Temple |     68 |     50 |     18 |      0 |     44 |   1 |   68.0 |
               +--------+--------+--------+--------+--------+-----+--------+

Top non-repeatable levels by time:
     D:2: 1596 daAuts
     D:3: 1422 daAuts
     D:1: 1127 daAuts
     D:4: 786 daAuts
     D:5: 367 daAuts
  Temple: 68 daAuts
